[Event "ICC tourney 2605 (40 5)"]
[Site "Internet Chess Club"]
[Date "2021.06.13"]
[Round "6"]
[White "MCQUILLIN, DANIL ALSANDAIR:K09-15050406"]
[Black "STONE, VINCENT WILLIAM:K09-15537233"]
[Result "1-0"]
[ICCResult "Black checkmated"]
[WhiteElo "1193"]
[BlackElo "2075"]
[Opening "King's Indian: Makagonov system (5.h3)"]
[ECO "E71"]
[NIC "KI.30"]
[Time "17:00:13"]
[PlyCount "97"]
[TimeControl "2400+5"]

1. c4 Nf6 2. Nc3 g6 3. e4 d6 4. d4 Bg7 5. h3 O-O 6. Be3 c5 7. d5 e6 8. Nf3
exd5 9. exd5 Qa5 10. Bd3 b5 11. O-O bxc4 12. Bxc4 Ba6 13. Qd3 Bxc4 14. Qxc4
Nbd7 15. Rad1 Nb6 16. Qd3 Na4 17. Rd2 Rab8 18. Nxa4 Qxa4 19. b3 Qe4 20. Re1
Qxd3 21. Rxd3 Rfe8 22. Kf1 Rb4 23. Nd2 Nd7 24. Nc4 Ne5 25. Nxe5 Bxe5 26.
Bd2 Rbb8 27. Rde3 Kf8 28. R3e2 Bg7 29. Bf4 Rxe2 30. Bxd6+ Kg8 31. Bxb8
Rxe1+ 32. Kxe1 a6 33. d6 Kf8 34. Ke2 Ke8 35. Ba7 Kd7 36. Bxc5 Kc6 37. b4 a5
38. a3 a4 39. Kd3 Kd7 40. Kc4 Bb2 41. b5 Be5 42. Kd5 Bf6 43. b6 Kc8 44. Kc6
Bd8 45. d7+ Kb8 46. Bd6+ Ka8 47. b7+ Ka7 48. b8=Q+ Ka6 49. Qa8# { Black
checkmated } 1-0

[Event "ICC tourney 2605 (40 5)"]
[Site "Internet Chess Club"]
[Date "2021.06.13"]
[Round "6"]
[White "BONDALAPATI, SRIVIBHAV:K09-16633657"]
[Black "HALL, STEWART WILLIAM:K09-15065861"]
[Result "1/2-1/2"]
[ICCResult "Game drawn because neither player has mating material"]
[WhiteElo "1101"]
[BlackElo "1427"]
[Opening "French: exchange variation"]
[ECO "C01"]
[NIC "FR.01"]
[Time "17:00:05"]
[PlyCount "135"]
[TimeControl "2400+5"]

1. e4 e6 2. d4 d5 3. exd5 exd5 4. Nf3 Bd6 5. Bd3 Nf6 6. O-O O-O 7. Nc3 Bg4
8. h3 Bh5 9. Bg5 c6 10. Re1 Nbd7 11. Be2 h6 12. Be3 Bb4 13. Ne5 Nxe5 14.
dxe5 Bxe2 15. Qxe2 Ne4 16. Qd3 Nc5 17. Bxc5 Bxc5 18. Qf3 Bb4 19. a3 Ba5 20.
Rad1 Re8 21. Rd4 Bc7 22. Qh5 Qf6 23. f4 Qg6 24. Qxg6 fxg6 25. Rdd1 g5 26.
g3 gxf4 27. gxf4 g5 28. fxg5 hxg5 29. e6 Re7 30. Re2 Rae8 31. Rde1 Bg3 32.
Rf1 Rxe6 33. Rg2 Bh4 34. Rf4 Rh6 35. Na4 b6 36. Rf3 Rhe6 37. Rf4 Re4 38.
Rxe4 Rxe4 39. Nc3 Re1+ 40. Kh2 Rf1 41. b4 Rf2 42. b5 Rxg2+ 43. Kxg2 c5 44.
Nxd5 Kf7 45. Kf3 Ke6 46. Ke4 Bf2 47. c4 Bd4 48. a4 Bb2 49. Ne3 Bc1 50. Nf1
Bf4 51. h4 gxh4 52. Kxf4 h3 53. Ng3 h2 54. Nh1 Kf6 55. Nf2 Kg6 56. Kg3 Kf5
57. Kxh2 Ke5 58. Kg3 Kd4 59. Kf4 Kxc4 60. Ke4 Kb4 61. Kd3 Kxa4 62. Kc4 Ka5
63. Nd3 a6 64. bxa6 Kxa6 65. Nxc5+ Ka5 66. Nb7+ Ka6 67. Nd6 b5+ 68. Nxb5 {
Game drawn because neither player has mating material } 1/2-1/2

[Event "ICC tourney 2605 (40 5)"]
[Site "Internet Chess Club"]
[Date "2021.06.13"]
[Round "6"]
[White "KE, RIANNE:K09-15179208"]
[Black "SILVA, JAVIER:K09-16089208"]
[Result "1/2-1/2"]
[ICCResult "Game drawn by mutual agreement"]
[WhiteElo "2002"]
[BlackElo "1864"]
[Opening "Caro-Kann: classical, Spassky variation"]
[ECO "B19"]
[NIC "CK.12"]
[Time "17:00:18"]
[PlyCount "71"]
[TimeControl "2400+5"]

1. e4 c6 2. d4 d5 3. Nc3 dxe4 4. Nxe4 Bf5 5. Ng3 Bg6 6. h4 h6 7. Nf3 Nd7 8.
h5 Bh7 9. Bd3 Bxd3 10. Qxd3 Qc7 11. Bd2 e6 12. O-O-O Ngf6 13. c4 Bd6 14.
Ne4 Nxe4 15. Qxe4 Nf6 16. Qe2 Bf4 17. Rh4 Bxd2+ 18. Qxd2 O-O-O 19. Qb4 Nd7
20. Re4 c5 21. Qc3 cxd4 22. Rexd4 Nf6 23. g4 Rxd4 24. Rxd4 Rd8 25. Ne5 Rxd4
26. Qxd4 Ne8 27. f4 f6 28. Nd3 Qd6 29. Qe4 Qc6 30. Qd4 Qd6 31. Qe4 Qc6 32.
Qxc6+ bxc6 33. b3 Kd7 34. Nc5+ Kd6 35. Ne4+ Ke7 36. Ng3 { Game drawn by
mutual agreement } 1/2-1/2

[Event "ICC tourney 2605 (40 5)"]
[Site "Internet Chess Club"]
[Date "2021.06.13"]
[Round "6"]
[White "ZONG, DAVIS:K09-14980186"]
[Black "JIANG, NICHOLAS:K09-15273385"]
[Result "1/2-1/2"]
[ICCResult "Game drawn by repetition"]
[WhiteElo "2270"]
[BlackElo "1985"]
[Opening "Queen's gambit declined"]
[ECO "D30"]
[NIC "QP.08"]
[Time "17:00:17"]
[PlyCount "123"]
[TimeControl "2400+5"]

1. d4 d5 2. c4 e6 3. Nf3 Nf6 4. g3 c6 5. Bg2 dxc4 6. O-O Bd6 7. Bg5 h6 8.
Bxf6 Qxf6 9. Nbd2 b5 10. b3 cxb3 11. axb3 O-O 12. Qc2 Bb7 13. e3 Qe7 14.
Rfc1 Na6 15. Ne4 Nb4 16. Qe2 Nd5 17. Nxd6 Qxd6 18. Ne5 a6 19. Nd3 a5 20.
Nc5 Bc8 21. f4 f6 22. Ne4 Qd7 23. Bh3 f5 24. Nc5 Qd6 25. Bg2 b4 26. Kh1 Nc3
27. Qf3 Qd5 28. Qf2 Qd6 29. Qf1 Kh7 30. Qc4 Rf7 31. Re1 Rfa7 32. e4 fxe4
33. Nxe4 Nxe4 34. Bxe4+ Kh8 35. Bxc6 Qxc6+ 36. Qxc6 Bb7 37. Qxb7 Rxb7 38.
Rxe6 Rd7 39. Re4 Rd5 40. Rc1 a4 41. bxa4 Rxa4 42. Rc8+ Kh7 43. Rc7 Ra2 44.
Rb7 Rb2 45. Ree7 Kg6 46. g4 Rxd4 47. Rxg7+ Kf6 48. g5+ hxg5 49. fxg5+ Kf5
50. Rbf7+ Kg4 51. Rf1 Rdd2 52. Rg1+ Kf5 53. Rh7 Kg6 54. Rh6+ Kg7 55. Rh4
Kg6 56. Rh6+ Kg7 57. Ra1 b3 58. Ra7+ Kg8 59. Ra8+ Kg7 60. Ra7+ Kg8 61. Ra8+
Kg7 62. Ra7+ { Game drawn by repetition } 1/2-1/2

[Event "ICC tourney 2605 (40 5)"]
[Site "Internet Chess Club"]
[Date "2021.06.13"]
[Round "6"]
[White "LYU, ETHANTOBY:K09-16195991"]
[Black "ZHU, JENNY:K09-15942700"]
[Result "1-0"]
[ICCResult "Black resigns"]
[WhiteElo "1838"]
[BlackElo "1959"]
[Opening "Queen's pawn: Chigorin variation"]
[ECO "D00"]
[NIC "QP.08"]
[Time "17:00:06"]
[PlyCount "99"]
[TimeControl "2400+5"]

1. d4 d5 2. Nc3 Nf6 3. Bf4 c6 4. e3 e6 5. Nf3 Bd6 6. Bg3 Qc7 7. Bd3 Nbd7 8.
Ne2 e5 9. dxe5 Nxe5 10. Nxe5 Bxe5 11. c3 O-O 12. Bc2 Re8 13. Qd3 g6 14.
Bxe5 Qxe5 15. Ng3 Be6 16. O-O-O Ne4 17. Rdf1 Nxg3 18. hxg3 Bf5 19. Qd2 Bxc2
20. Qxc2 a5 21. Rh6 b5 22. Rfh1 Qg7 23. Qd3 Ra7 24. Rxh7 Qxh7 25. Rxh7 Kxh7
26. Qd4 Rae7 27. Qb6 Re6 28. Qxa5 Kg7 29. Qb6 Rh8 30. Qd4+ Kg8 31. Qf4 Rh2
32. Qf3 Kg7 33. g4 Rh1+ 34. Kc2 Rf6 35. Qg3 Re1 36. Qe5 g5 37. Qxg5+ Rg6
38. Qe5+ Kg8 39. Qg3 Re2+ 40. Kb3 c5 41. a3 Kg7 42. Qe5+ Kg8 43. Qxd5 Rxf2
44. Qxc5 Rxg2 45. Qxb5 R6xg4 46. a4 R2g3 47. a5 Rxe3 48. a6 Rge4 49. a7 Re8
50. Qb8 { Black resigns } 1-0

[Event "ICC tourney 2605 (40 5)"]
[Site "Internet Chess Club"]
[Date "2021.06.13"]
[Round "6"]
[White "COLOMBO, DOMINIC:K09-14933967"]
[Black "LIM, TIMOTHY:K09-16139198"]
[Result "0-1"]
[ICCResult "White resigns"]
[WhiteElo "1960"]
[BlackElo "1846"]
[Opening "Sicilian: dragon, Yugoslav attack, Rauser variation"]
[ECO "B76"]
[NIC "SI.17"]
[Time "17:00:53"]
[PlyCount "78"]
[TimeControl "2400+5"]

1. e4 c5 2. Nf3 d6 3. d4 cxd4 4. Nxd4 Nf6 5. Nc3 g6 6. Be3 Bg7 7. f3 Nc6 8.
Qd2 O-O 9. O-O-O d5 10. Qe1 e5 11. Nxc6 bxc6 12. exd5 Nxd5 13. Bc4 Be6 14.
Ne4 Qc7 15. Bc5 Rfd8 16. h4 h5 17. Ng5 Bf5 18. Qf2 Qb7 19. Bb3 a5 20. a4
Rab8 21. Ne4 Be6 22. Bd6 Ra8 23. Ba3 Nf4 24. Bxe6 Nxe6 25. Kb1 Rab8 26.
Rxd8+ Rxd8 27. Rf1 Rd4 28. Qe3 Rxa4 29. Rd1 Rd4 30. Rxd4 Nxd4 31. Nd6 Qa6
32. Qg5 Qf1+ 33. Ka2 Nxc2 34. Qd8+ Kh7 35. Ne4 Qa1+ 36. Kb3 Nd4+ 37. Ka4
Qd1+ 38. Kxa5 Nb3+ 39. Kb4 Qxd8 { White resigns } 0-1

[Event "ICC tourney 2605 (40 5)"]
[Site "Internet Chess Club"]
[Date "2021.06.13"]
[Round "6"]
[White "PAN, KEVIN:K09-14740822"]
[Black "LEE, JAYDEN:K09-15757981"]
[Result "1/2-1/2"]
[ICCResult "Game drawn by mutual agreement"]
[WhiteElo "2260"]
[BlackElo "2106"]
[Opening "Ruy Lopez: Exchange variation doubly deferred (DERLD)"]
[ECO "C85"]
[NIC "RL.14"]
[Time "17:00:16"]
[PlyCount "129"]
[TimeControl "2400+5"]

1. e4 e5 2. Nf3 Nc6 3. Bb5 a6 4. Ba4 Nf6 5. O-O Be7 6. Bxc6 dxc6 7. d3 Bd6
8. Nbd2 Be6 9. b3 Qe7 10. Bb2 Nd7 11. Nc4 Bxc4 12. bxc4 Ba3 13. Bc3 Bb4 14.
Bxb4 Qxb4 15. Rb1 Qa5 16. Rxb7 Nc5 17. Rb1 Ne6 18. Qe1 Qxa2 19. Qc3 Nd4 20.
Nxd4 exd4 21. Qxd4 O-O 22. Qc3 Rfb8 23. Rb3 Rxb3 24. Qxb3 Qxb3 25. cxb3 Rb8
26. Rb1 Rd8 27. Kf1 Rxd3 28. Ke2 Rd4 29. Ke3 c5 30. Ra1 Rd6 31. Ra5 Rc6 32.
e5 Kf8 33. Ke4 Ke7 34. Kd5 Kd7 35. g3 Rb6 36. Ra3 g5 37. Kxc5 Rh6 38. f4
gxf4 39. gxf4 Rxh2 40. Rxa6 Rf2 41. Rf6 Ke7 42. b4 h5 43. Kc6 h4 44. Kxc7
h3 45. c5 Rb2 46. Rb6 h2 47. f5 f6 48. Re6+ Kf7 49. Rxf6+ Kg7 50. Rg6+ Kh7
51. e6 h1=Q 52. e7 Qh2+ 53. Kc6 Re2 54. Re6 Qg2+ 55. Kc7 Qg3+ 56. Kb7 Rxe6
57. fxe6 Qg6 58. c6 Qxe6 59. c7 Qxe7 60. b5 Qe4+ 61. Kb8 Qe5 62. b6 Kg7 63.
Ka7 Qa5+ 64. Kb7 Qd5+ 65. Kb8 { Game drawn by mutual agreement } 1/2-1/2

[Event "ICC tourney 2605 (40 5)"]
[Site "Internet Chess Club"]
[Date "2021.06.13"]
[Round "6"]
[White "OH, JAMES Y:K09-15146868"]
[Black "SCHOENBAUER, JAKE:K09-16875594"]
[Result "1/2-1/2"]
[ICCResult "Game drawn by mutual agreement"]
[WhiteElo "2034"]
[BlackElo "1299"]
[Opening "Giuoco Pianissimo"]
[ECO "C55"]
[NIC "IG.01"]
[Time "17:00:52"]
[PlyCount "175"]
[TimeControl "2400+5"]

1. e4 e5 2. Nf3 Nc6 3. Bc4 Nf6 4. d3 Bc5 5. a4 d6 6. O-O O-O 7. c3 a5 8.
Bg5 h6 9. Bh4 Be6 10. Nbd2 Qe7 11. Re1 Rfe8 12. Nf1 Bxc4 13. dxc4 Qe6 14.
b3 Nh5 15. Ne3 Ne7 16. Bxe7 Qxe7 17. Nf5 Qe6 18. N3h4 Nf4 19. Qg4 Ng6 20.
Rad1 Rad8 21. Rd3 Qf6 22. Rf3 Nxh4 23. Nxh4 Qg5 24. Qh3 Re6 25. Nf5 Rg6 26.
Rd1 Kh8 27. Ne3 Rf6 28. Nc2 Rxf3 29. Qxf3 Qf6 30. Qxf6 gxf6 31. b4 Ba7 32.
c5 axb4 33. cxb4 Rc8 34. c6 bxc6 35. Rb1 Rb8 36. a5 Kg7 37. Ne3 Bxe3 38.
fxe3 Kg6 39. g4 Kg5 40. h3 h5 41. gxh5 Kxh5 42. Kf2 Kh4 43. Kf3 Kg5 44. a6
Ra8 45. Ra1 Ra7 46. Kg3 Kh5 47. h4 Ra8 48. a7 Rg8+ 49. Kh3 Ra8 50. Ra6 d5
51. exd5 cxd5 52. Rxf6 Rxa7 53. Rf5+ Kg6 54. Rxe5 Rb7 55. Rg5+ Kh6 56. Rg4
Kh5 57. Rd4 c6 58. Rf4 Re7 59. Rf5+ Kg6 60. Rg5+ Kh6 61. Rg3 Re4 62. Rf3
Kg6 63. Rg3+ Kh5 64. Rg5+ Kh6 65. b5 Rxe3+ 66. Kg4 Re1 67. bxc6 Rg1+ 68.
Kf5 Rf1+ 69. Kg4 Rg1+ 70. Kf4 Rf1+ 71. Ke3 Rc1 72. Rxd5 Rxc6 73. Rd4 Re6+
74. Kf4 Rf6+ 75. Kg4 Rg6+ 76. Kh3 Kh5 77. Rd5+ Kh6 78. Rf5 Kg7 79. h5 Rf6
80. Ra5 Kh6 81. Kg4 Rf1 82. Ra6+ Kg7 83. h6+ Kh7 84. Kg5 Rg1+ 85. Kf5 Rg6
86. Ra7 Rxh6 87. Rxf7+ Kg8 88. Ra7 { Game drawn by mutual agreement }
1/2-1/2

[Event "ICC tourney 2605 (40 5)"]
[Site "Internet Chess Club"]
[Date "2021.06.13"]
[Round "6"]
[White "MUNDAYAT, ABINAV RAJIV:K09-15264747"]
[Black "REISS, AIDEN:K09-16581243"]
[Result "1/2-1/2"]
[ICCResult "Game drawn by mutual agreement"]
[WhiteElo "2109"]
[BlackElo "1853"]
[Opening "Sicilian: Najdorf"]
[ECO "B90"]
[NIC "SI.14"]
[Time "17:00:07"]
[PlyCount "95"]
[TimeControl "2400+5"]

1. e4 c5 2. Nf3 d6 3. d4 cxd4 4. Nxd4 Nf6 5. Nc3 a6 6. Nb3 e5 7. Bg5 Be7 8.
Bxf6 Bxf6 9. Nd5 Nc6 10. Qd3 Bg5 11. Be2 Be6 12. c3 O-O 13. O-O b5 14. Rad1
f5 15. Bf3 f4 16. Qe2 Ne7 17. Nd2 Rb8 18. Bg4 Qd7 19. Bxe6+ Qxe6 20. Nf3
Bf6 21. h3 a5 22. Nh2 b4 23. Qa6 Ra8 24. Nxf6+ Qxf6 25. Qxd6 Qg5 26. Nf3
Qf6 27. Qxe5 Qxe5 28. Nxe5 bxc3 29. bxc3 Rac8 30. Rd7 Nc6 31. Nf3 Rfe8 32.
Re1 Nb8 33. Rd5 Rxc3 34. Rxa5 Nc6 35. Rf5 Nb4 36. Rxf4 Nd3 37. Rg4 Nxe1 38.
Nxe1 Rc1 39. Kf1 h5 40. Rf4 g5 41. Rf3 Rxe4 42. Re3 Rxe3 43. fxe3 Ra1 44.
Kf2 Kf7 45. Nf3 Rxa2+ 46. Kg3 Kf6 47. Nd4 Ke5 48. Kf3 { Game drawn by
mutual agreement } 1/2-1/2

[Event "ICC tourney 2605 (40 5)"]
[Site "Internet Chess Club"]
[Date "2021.06.13"]
[Round "6"]
[White "LUO, TERRY:K09-15210186"]
[Black "NAVEEN, AARUSH:K09-16031675"]
[Result "1/2-1/2"]
[ICCResult "Game drawn by mutual agreement"]
[WhiteElo "2232"]
[BlackElo "1693"]
[Opening "Grünfeld: modern exchange variation"]
[ECO "D85"]
[NIC "GI.04"]
[Time "17:00:16"]
[PlyCount "138"]
[TimeControl "2400+5"]

1. d4 Nf6 2. c4 g6 3. Nc3 d5 4. cxd5 Nxd5 5. e4 Nxc3 6. bxc3 Bg7 7. Nf3 c5
8. Rb1 O-O 9. Be2 cxd4 10. cxd4 Qa5+ 11. Bd2 Qxa2 12. O-O Bg4 13. Rxb7 Nc6
14. d5 Ne5 15. Nxe5 Bxe2 16. Qxe2 Bxe5 17. Qd3 Bf6 18. Be3 Rfb8 19. Rxb8+
Rxb8 20. d6 exd6 21. Qxd6 Qb2 22. Bxa7 Rd8 23. Qg3 Bg7 24. Be3 Re8 25. f3
Rc8 26. Kh1 Bd4 27. Bh6 Bg7 28. Bxg7 Kxg7 29. h3 Rc1 30. Rxc1 Qxc1+ 31. Kh2
Qe3 32. Qe5+ Kg8 33. f4 h6 34. f5 Kh7 35. Qc7 Kg8 36. Qb8+ Kh7 37. Qe5 gxf5
38. Qxf5+ Kg7 39. Qg4+ Kh8 40. h4 Qd4 41. Kh3 Qd3+ 42. Qf3 Qd4 43. Kg4 Qg7+
44. Kh3 Qd4 45. g3 Qd7+ 46. Qf5 Qd3 47. Kg4 Qd1+ 48. Qf3 h5+ 49. Kf4 Qd6+
50. e5 Qh6+ 51. Ke4 Qc6+ 52. Ke3 Qc3+ 53. Kf4 Qd2+ 54. Qe3 Qb4+ 55. Qe4
Qd2+ 56. Kf3 Qd1+ 57. Qe2 Qd5+ 58. Kf4 Kg7 59. Kg5 Qe6 60. Kf4 Qh6+ 61. Kf3
Qc6+ 62. Qe4 Qc3+ 63. Kf4 Qd2+ 64. Qe3 Qb4+ 65. Kf3 Qg4+ 66. Kf2 Qf5+ 67.
Kg2 Qc2+ 68. Qf2 Qe4+ 69. Qf3 Qxe5 { Game drawn by mutual agreement }
1/2-1/2

[Event "ICC tourney 2605 (40 5)"]
[Site "Internet Chess Club"]
[Date "2021.06.13"]
[Round "6"]
[White "SAFRANEK, VEDA ROSE:K09-14975007"]
[Black "CHAKRAVARTY, ARITRO:K09-16061277"]
[Result "0-1"]
[ICCResult "White forfeits on time"]
[WhiteElo "1681"]
[BlackElo "1942"]
[Opening "Sicilian: Pelikan (Lasker/Sveshnikov) variation"]
[ECO "B33"]
[NIC "SI.35"]
[Time "17:00:10"]
[PlyCount "110"]
[TimeControl "2400+5"]

1. e4 c5 2. Nf3 Nc6 3. d4 cxd4 4. Nxd4 Nf6 5. Nc3 e5 6. Nb3 Be7 7. Be2 O-O
8. O-O d6 9. Be3 Be6 10. f4 exf4 11. Bxf4 a5 12. Qe1 a4 13. Nd2 d5 14. Qg3
Kh8 15. e5 Nd7 16. Nf3 Qb6+ 17. Kh1 Qxb2 18. Ng1 Qxc2 19. Rab1 Rfb8 20. Bh5
Qf5 21. Bf3 g5 22. Bd2 Qxe5 23. Qxe5+ Ndxe5 24. Bxd5 Bxd5 25. Nxd5 Rd8 26.
Nxe7 Rxd2 27. Rxb7 Nd8 28. Rb5 f6 29. Rxf6 Ng4 30. Rf8+ Kg7 31. Rbf5 Ra7
32. Nd5 Rxd5 33. Rxd5 Kxf8 34. Rxd8+ Ke7 35. Rd2 Rb7 36. h3 Nf6 37. Nf3 h6
38. Kh2 Rb1 39. Rd4 a3 40. Ra4 Rb2 41. Rxa3 Nd5 42. Ra7+ Kd8 43. Ne5 Nf4
44. Nf7+ Kc8 45. Nxh6 Rxg2+ 46. Kh1 Rg3 47. Kh2 Rxh3+ 48. Kg1 Rxh6 49. Ra5
g4 50. Kf2 Rh3 51. Rg5 Rf3+ 52. Ke1 g3 53. a4 g2 54. Kd2 Rf1 55. Rc5+ Kb7 {
White forfeits on time } 0-1

[Event "ICC tourney 2605 (40 5)"]
[Site "Internet Chess Club"]
[Date "2021.06.13"]
[Round "6"]
[White "WU, WILLIAM:K09-15782241"]
[Black "SETHURAMAN, SANDEEP:K09-15472832"]
[Result "1/2-1/2"]
[ICCResult "Game drawn by mutual agreement"]
[WhiteElo "1854"]
[BlackElo "2194"]
[Opening "Sicilian: Alapin's variation (2.c3)"]
[ECO "B22"]
[NIC "SI.46"]
[Time "17:00:19"]
[PlyCount "107"]
[TimeControl "2400+5"]

1. e4 c5 2. c3 d5 3. exd5 Qxd5 4. d4 Nc6 5. Nf3 Bf5 6. Be3 Nf6 7. c4 Qd6 8.
Nc3 cxd4 9. Nb5 Qd8 10. Nbxd4 Nxd4 11. Nxd4 Bd7 12. a3 Ng4 13. Be2 Nxe3 14.
fxe3 e5 15. Nc2 Ba4 16. Qxd8+ Rxd8 17. Nb4 Bc5 18. Nd5 Bc6 19. e4 O-O 20.
Rf1 Kh8 21. O-O-O g6 22. b4 Bd4 23. Bg4 Kg7 24. b5 Bd7 25. Bxd7 Rxd7 26.
Kc2 f5 27. Kd3 Rdf7 28. exf5 gxf5 29. Kc2 Bc5 30. Kb3 Rd8 31. Rde1 Bd4 32.
a4 a6 33. Re2 Kg6 34. h3 Rfd7 35. g4 f4 36. Rf3 axb5 37. axb5 Rxd5 38. cxd5
Rxd5 39. Kb4 b6 40. Rc2 Bc5+ 41. Kb3 Kg5 42. Re2 Be3 43. Kc4 Rd1 44. Rexe3
fxe3 45. Rf5+ Kh4 46. Rxe5 Re1 47. Kd3 Kxh3 48. Rh5+ Kxg4 49. Rxh7 Rb1 50.
Kxe3 Rxb5 51. Rf7 Kg5 52. Kd4 Kg6 53. Rf1 Rb4+ 54. Kc3 { Game drawn by
mutual agreement } 1/2-1/2

[Event "ICC tourney 2605 (40 5)"]
[Site "Internet Chess Club"]
[Date "2021.06.13"]
[Round "6"]
[White "HUSTON, GUS:K09-14921551"]
[Black "HU, MERRIC:K09-14686967"]
[Result "1-0"]
[ICCResult "Black resigns"]
[WhiteElo "2243"]
[BlackElo "2275"]
[Opening "Sicilian: Canal-Sokolsky attack, 3...Bd7"]
[ECO "B52"]
[NIC "SI.01"]
[Time "17:00:28"]
[PlyCount "93"]
[TimeControl "2400+5"]

1. e4 c5 2. Nf3 d6 3. Bb5+ Bd7 4. Bxd7+ Qxd7 5. O-O Nf6 6. Qe2 Nc6 7. c3 e6
8. d4 cxd4 9. cxd4 d5 10. e5 Ne4 11. Be3 Be7 12. Ne1 f6 13. f3 Ng5 14. f4
Ne4 15. Nd2 f5 16. Nd3 O-O 17. Rac1 Rfd8 18. Rfd1 Nb4 19. Nxe4 dxe4 20.
Nxb4 Bxb4 21. g4 g6 22. gxf5 gxf5 23. Kh1 Kh8 24. d5 exd5 25. e6 Qxe6 26.
Bd4+ Kg8 27. Rc7 Rd7 28. Rg1+ Kf8 29. Rxd7 Qxd7 30. Qh5 Qf7 31. Qh6+ Ke8
32. Qh3 Bf8 33. Rg5 Rc8 34. Rxf5 Rc1+ 35. Kg2 Qg6+ 36. Rg5 Qf7 37. Bc3 Kd8
38. Qg4 Rc2+ 39. Kg3 Bd6 40. Rg8+ Ke7 41. Qg5+ Kd7 42. Qg4+ Ke7 43. Kh3
Rxc3+ 44. bxc3 Qxf4 45. Qg7+ Qf7 46. Qg5+ Kd7 47. Rg7 { Black resigns } 1-0

[Event "ICC tourney 2605 (40 5)"]
[Site "Internet Chess Club"]
[Date "2021.06.13"]
[Round "6"]
[White "RAJARAM, ANIKA:K09-15446678"]
[Black "WANG, LILIAN:K09-15607273"]
[Result "1-0"]
[ICCResult "Black resigns"]
[WhiteElo "1858"]
[BlackElo "1789"]
[Opening "Queen's gambit declined"]
[ECO "D30"]
[NIC "QP.08"]
[Time "17:00:24"]
[PlyCount "91"]
[TimeControl "2400+5"]

1. d4 d5 2. c4 e6 3. Nf3 c5 4. cxd5 exd5 5. g3 Nc6 6. Bg2 c4 7. O-O Bd6 8.
Nc3 Nge7 9. Re1 O-O 10. Bg5 f6 11. Bd2 Bb4 12. e4 Bxc3 13. bxc3 b5 14. a4
bxa4 15. exd5 Nxd5 16. Qxa4 Nce7 17. Qxc4 Bb7 18. Qa2 Kh8 19. c4 Nb6 20.
Bb4 Re8 21. d5 Qd7 22. Nd4 Rac8 23. Rac1 a6 24. Ne6 Ng6 25. Nc5 Rxe1+ 26.
Rxe1 Qc7 27. d6 Qxd6 28. Bxb7 Rxc5 29. Bxc5 Qxc5 30. Qxa6 h6 31. Qb5 Qxb5
32. cxb5 Ne5 33. Kg2 Kg8 34. Bc6 Kf7 35. f4 Nec4 36. Ra1 g5 37. fxg5 fxg5
38. Ra7+ Kf6 39. Rh7 Ne3+ 40. Kf3 Nf5 41. Rh8 Kg6 42. Be4 Kf6 43. Rf8+ Ke5
44. Rxf5+ Kd4 45. Rf6 Nd7 46. Rd6+ { Black resigns } 1-0

[Event "ICC tourney 2605 (40 5)"]
[Site "Internet Chess Club"]
[Date "2021.06.13"]
[Round "6"]
[White "WISNIOWSKI, NATALIE:K09-15702390"]
[Black "MOU, IRIS:K09-15794244"]
[Result "1-0"]
[ICCResult "Black checkmated"]
[WhiteElo "2006"]
[BlackElo "2059"]
[Opening "QGA, 4.e3"]
[ECO "D25"]
[NIC "QG.08"]
[Time "17:00:10"]
[PlyCount "89"]
[TimeControl "2400+5"]

1. d4 d5 2. c4 dxc4 3. Nf3 Nf6 4. e3 b5 5. a4 b4 6. Bxc4 e6 7. O-O Be7 8.
Qe2 Bb7 9. a5 a6 10. Nbd2 O-O 11. Nb3 Nbd7 12. Rd1 Ne4 13. Bd2 Bd6 14. Rac1
Qf6 15. Be1 Qh6 16. h3 Ndf6 17. Bd3 g5 18. Ne5 Nh5 19. Ng4 Qg7 20. Nc5 Bxc5
21. Bxe4 Bxe4 22. Rxc5 f5 23. Ne5 Nf6 24. Bxb4 g4 25. hxg4 fxg4 26. Rdc1
Ra7 27. Nc6 Rb7 28. Ba3 g3 29. Ne7+ Kh8 30. Rxc7 Rxc7 31. Rxc7 Ng4 32. fxg3
Qg5 33. Bd6 Rf7 34. Rc8+ Kg7 35. Rg8+ Kh6 36. Rxg5 Kxg5 37. Bf4+ Kh5 38.
Nc8 e5 39. Bxe5 Rf8 40. Nd6 Bd5 41. e4 Bb3 42. Bf4 Ra8 43. Nc4 Rc8 44. Ne5
Rc2 45. Qxg4# { Black checkmated } 1-0

[Event "ICC tourney 2605 (40 5)"]
[Site "Internet Chess Club"]
[Date "2021.06.13"]
[Round "6"]
[White "SAMMONS, EVAN:K09-16792076"]
[Black "PETERSON, RYAN HARADA:K09-14901322"]
[Result "0-1"]
[ICCResult "White forfeits on time"]
[WhiteElo "1966"]
[BlackElo "2016"]
[Opening "QGA: classical, 6...a6"]
[ECO "D27"]
[NIC "QG.07"]
[Time "17:00:16"]
[PlyCount "96"]
[TimeControl "2400+5"]

1. d4 d5 2. c4 dxc4 3. Nf3 Nf6 4. e3 e6 5. Bxc4 a6 6. O-O c5 7. Be2 Nc6 8.
Nc3 Be7 9. b3 b5 10. Bb2 O-O 11. Rc1 cxd4 12. exd4 Bb7 13. Qd2 Nd5 14. a4
Na5 15. Qd1 Nxc3 16. Bxc3 b4 17. Bb2 Bd5 18. Bc4 Nxc4 19. bxc4 Bb7 20. Qb3
a5 21. Rfd1 Rc8 22. c5 Qd5 23. Qxd5 Bxd5 24. Rd3 Bc6 25. Ra1 Rfd8 26. Ne5
Bd5 27. Re3 Bf6 28. f3 Bg5 29. Ree1 Bb3 30. Re2 f6 31. Ng4 Bc4 32. Ree1 Kf7
33. Ne3 Bb3 34. Kf2 Rb8 35. g3 Bxe3+ 36. Rxe3 Bd5 37. Ke2 Rdc8 38. f4 h5
39. h4 Kg6 40. Kd2 Kf5 41. Rae1 Rb7 42. Ra1 Rcb8 43. Kc1 b3 44. Kd2 Rb4 45.
Rc3 Rxd4+ 46. Ke2 Rdb4 47. c6 Rc8 48. c7 Rc4 { White forfeits on time } 0-1

[Event "ICC tourney 2605 (40 5)"]
[Site "Internet Chess Club"]
[Date "2021.06.13"]
[Round "6"]
[White "KAPLAN, AVI HARRISON:K09-15263943"]
[Black "SHUMAN, NATHANIEL LANDE:K09-14782020"]
[Result "0-1"]
[ICCResult "White forfeits on time"]
[WhiteElo "2116"]
[BlackElo "2133"]
[Opening "Queen's gambit accepted"]
[ECO "D20"]
[NIC "QG.03"]
[Time "17:00:20"]
[PlyCount "128"]
[TimeControl "2400+5"]

1. d4 d5 2. c4 dxc4 3. e3 a6 4. Bxc4 e6 5. Nc3 Nf6 6. Nf3 b5 7. Bd3 Bb7 8.
O-O Be7 9. Re1 Nbd7 10. Qc2 O-O 11. e4 h6 12. Be3 c5 13. dxc5 Bxc5 14. Rad1
Qb6 15. h3 Rac8 16. Qb1 Bxe3 17. Rxe3 Nc5 18. Bc2 Rc7 19. e5 Nd5 20. Nxd5
Bxd5 21. b4 Na4 22. Bxa4 bxa4 23. a3 Rfc8 24. Qd3 a5 25. Qd4 Qb5 26. bxa5
Qxa5 27. Qg4 Rc4 28. Rd4 Qb6 29. Red3 Qb2 30. Nd2 Rc2 31. Ne4 Kf8 32. Qf4
Qc1+ 33. Qxc1 Rxc1+ 34. Kh2 R1c4 35. Nd6 Rxd4 36. Rxd4 Rc2 37. Rf4 f6 38.
Nb5 Ke7 39. exf6+ gxf6 40. Kg3 e5 41. Rxa4 Ke6 42. Ra6+ Kf5 43. Ra5 Kg6 44.
Nd6 Rc3+ 45. f3 Bc6 46. h4 h5 47. Kh2 Rc2 48. Kh3 Rc3 49. Kg3 e4 50. Kf2
exf3 51. gxf3 Rxf3+ 52. Ke2 Rh3 53. Ra6 Bd5 54. Kf2 Rxh4 55. a4 Rd4 56. Ne8
Rf4+ 57. Kg3 Kg5 58. Ra7 h4+ 59. Kh2 Rf2+ 60. Kg1 Rg2+ 61. Kf1 Kf5 62. Nd6+
Kf4 63. Ra5 Rd2 64. Rc5 h3 { White forfeits on time } 0-1